 Dungeon Sprint DCSS version 0.17-a0-1691-g18a3847 (webtiles) character file.

5508 cmyster the Imperceptible (level 10, -12/49 HPs)
             Began as a Felid Monk on Aug 20, 2015.
             Was the Champion of Dithmenos.
             Engulfed by a cloud of freezing vapour (21 damage)
             ... in the Dungeon (Sprint I: "Red Sonja").
             The game lasted 00:13:55 (1756 turns).

cmyster the Imperceptible (Felid Monk)              Turns: 1756, Time: 00:13:56

Health: -12/49     AC:  2    Str: 10    XL:     10   Next: 43%
Magic:  10/10      EV: 45    Int: 10    God:    Dithmenos [******]
Gold:   2779       SH:  0    Dex: 29    Spells: 0 memorised, 9 levels left
                                        Lives:  0   Deaths: 2

rFire  . . .     SeeInvis +       - Unarmed
rCold  . . .     Clarity  .     (armour unavailable)
rNeg   . . .     SustAt   .     (shield unavailable)
rPois  .         Gourm    .     (helmet unavailable)
rElec  .         Spirit   .     (cloak unavailable)
rCorr  .         Warding  .     (gloves unavailable)
rMut   .         NoTele   +     (boots unavailable)
MR     +....                    (no amulet)
Stlth  ++++++++++               (no ring)
                                h - +5 ring of dexterity

@: agile, wreathed by umbra, quick, somewhat resistant to hostile enchantments,
uncannily stealthy
A: no armour, no weapons or thrown items, claws 1, fangs 3, see invisible,
carnivore 3, dopey 1, speed 1, frail 1, low mp 1, shaggy fur 2, slow metabolism
1, no device heal 1, subdued magic 1, sharp paws
a: Shadow Step, Shadow Form, Renounce Religion


You were in the Dungeon.
You worshipped Dithmenos.
Dithmenos was exalted by your worship.
You were not hungry.

You visited 1 branch You collected 2854 gold pieces.
You spent 75 gold pieces at shops.

Inventory:

Jewellery
 b - an uncursed ring of magical power {unknown}
 c - an uncursed ring of wizardry {unknown}
 h - a +5 ring of dexterity (left paw)
Scrolls
 g - a scroll of blinking
 l - 2 scrolls of identify
Potions
 d - a potion of haste
 e - 2 potions of magic
 f - a potion of berserk rage
Books
 j - the Papyrus of Changing
   (You found it in the Dungeon)

   Spells                             Type                      Level
   a - Stoneskin                      Transmutation/Earth          2
   b - Ice Form                       Ice/Transmutation            4
   c - Alistair's Intoxication        Transmutation/Poison         4
Comestibles
 a - 4 meat rations
 i - a slice of pizza


   Skills:
 + Level 13.4 Fighting
 + Level 18.8 Dodging
 + Level 21.4 Stealth
 + Level 17.5 Unarmed Combat


You had 9 spell levels left.
You didn't know any spells.

Dungeon Overview and Level Annotations

Branches:
Dungeon (1/1)

Altars:
Cheibriados
Dithmenos
Elyvilon
Fedhas
Gozag
Kikubaaqudgha
Makhleb
Nemelex Xobeh
Okawaru
Qazlal
Ru
Sif Muna
Trog
Vehumet
Xom
Yredelemnul
Zin
The Shining One
Jiyva

Shops:
D }*}[=*[?


Innate Abilities, Weirdness & Mutations

You cannot wear armour.
You are incapable of wielding weapons or throwing items.
You have sharp claws.
You have razor-sharp teeth.
You have supernaturally acute eyesight.
You are carnivorous and can eat meat at any time.
You cover ground quickly.
You are covered in thick fur (AC +2).
You have a slow metabolism.
Your sharp claws are effective at attacking unaware monsters.
You are dopey. (Int -2)
You are frail (-10% HP).
Your magical capacity is low (-10% MP).
Potions and wands are less effective at restoring your health.
Your spells are a little easier to cast, but a little less powerful.


Message History

Found 54 gold pieces.
Found 54 gold pieces.
You now have 2671 gold pieces (gained 27).
Found 54 gold pieces.
a - 4 meat rations (gained 1)
Found 27 gold pieces.
You now have 2698 gold pieces (gained 27).
You now have 2725 gold pieces (gained 27).
You now have 2752 gold pieces (gained 27).
You see here a mace.
You now have 2779 gold pieces (gained 27).
You see here 27 gold pieces.
You are engulfed in freezing vapours.
* * * LOW HITPOINT WARNING * * *
You see here 27 gold pieces.
Drink which item? (? for menu, Esc to quit)
It was a potion of agility.
You feel agile all of a sudden.
You are engulfed in freezing vapours.
You die...

,,≈,##§#§...##...#
,,≈##.§§.§§§.##..#
,,≈#§.§§§§.§§.#..#
,,##^^§.§§..§.##.#
,,#..§.§§§§§...#.#
,,#.....§%.....#§#
,,##.......§..##§#
*'*#..........#§§#
≈≈≈##........##§@#
≈≈≈≈##....(.##$$$#
≈≈≈≈≈########§.$$#
*≈≈≈≈*≈≈≈≈≈#.§..$#
*'≈≈≈'≈≈,≈≈'.§§.$#
,**≈≈*≈≈≈≈≈#§§§..#
,,******'#####§§≈#
,,*≈≈≈≈≈≈≈≈≈≈##≈§#
****≈≈≈≈≈≈≈≈≈≈≈≈≈*


There were no monsters in sight!

Vanquished Creatures
  A golden dragon (D)
  A shadow dragon (D)
  2 centaur warriors (D)
  Sonja (D)
  A deep troll (D)
  5 unseen horrors (D)
  A lindwurm (D)
  8 shining eyes (D)
  An oklob plant (D)
  A gargoyle (D)
  2 kobold demonologists (D)
  4 demonic crawlers (D)
  A slime creature (D)
  Sigmund (D)
  A yak (D)
  13 hogs (D)
  A wasp (D)
  An ogre (D)
  Ijyb (D)
  A jelly (D)
  5 giant eyeballs (D)
53 creatures vanquished.

Vanquished Creatures (others)
  A gargoyle (D)
1 creature vanquished.

Grand Total: 54 creatures vanquished

Notes
Turn   | Place    | Note
--------------------------------------------------------------
     0 | D        | cmyster the Felid Monk began the quest for the Orb.
     0 | D        | Reached XP level 1. HP: 10/10 MP: 2/2
     2 | D        | Noticed Ijyb
     6 | D        | Killed Ijyb
     6 | D        | Reached skill level 5 in Dodging
     6 | D        | Reached skill level 6 in Unarmed Combat
     6 | D        | Reached XP level 2. HP: 13/15 MP: 3/3
    49 | D        | Noticed an ogre
    55 | D        | Killed an ogre
    55 | D        | Reached skill level 5 in Fighting
    55 | D        | Reached skill level 7 in Unarmed Combat
    55 | D        | Reached XP level 3. HP: 17/19 MP: 4/4
    55 | D        | Reached XP level 4. HP: 20/23 MP: 5/5
   102 | D        | Noticed Sigmund
   105 | D        | Killed Sigmund
   105 | D        | Reached skill level 8 in Dodging
   105 | D        | Reached skill level 5 in Stealth
   105 | D        | Reached skill level 9 in Unarmed Combat
   105 | D        | Reached XP level 5. HP: 26/28 MP: 6/6
   119 | D        | Found a snail-covered altar of Cheibriados.
   119 | D        | Found a viscous altar of Jiyva.
   119 | D        | Found a shadowy altar of Dithmenos.
   119 | D        | Found a blossoming altar of Fedhas.
   119 | D        | Noticed a slime creature
   123 | D        | Killed a slime creature
   123 | D        | Reached skill level 11 in Unarmed Combat
   123 | D        | Gained mutation: You are covered in thick fur (AC +2). [Felid growth]
   123 | D        | Reached XP level 6. HP: 31/33 MP: 7/7
   127 | D        | Became a worshipper of Dithmenos the Shadowed
   127 | D        | Acquired Dithmenos's first power
   131 | D        | Found a deep blue altar of Sif Muna.
   132 | D        | Noticed a jelly
   133 | D        | Found a radiant altar of Vehumet.
   139 | D        | Killed a jelly
   159 | D        | Found Pumn's Armour Emporium.
   159 | D        | Found a white marble altar of Elyvilon.
   159 | D        | Found a stormy altar of Qazlal.
   159 | D        | Found a burning altar of Makhleb.
   159 | D        | Found a sacrificial altar of Ru.
   159 | D        | Found a basalt altar of Yredelemnul.
   159 | D        | Found a glowing golden altar of the Shining One.
   159 | D        | Found a sparkling altar of Nemelex Xobeh.
   159 | D        | Found a shimmering altar of Xom.
   159 | D        | Found an opulent altar of Gozag.
   159 | D        | Found an ancient bone altar of Kikubaaqudgha.
   159 | D        | Found a glowing silver altar of Zin.
   159 | D        | Noticed a yak
   160 | D        | Found an iron altar of Okawaru.
   161 | D        | Killed a yak
   161 | D        | Reached skill level 10 in Dodging
   161 | D        | Reached XP level 7. HP: 36/36 MP: 8/8
   178 | D        | Found a bloodstained altar of Trog.
   202 | D        | Noticed Sonja
   206 | D        | Killed Sonja
   206 | D        | Reached skill level 12 in Unarmed Combat
   206 | D        | Reached XP level 8. HP: 40/42 MP: 9/9
   216 | D        | Noticed a deep troll
   224 | D        | Killed a deep troll
   224 | D        | Reached skill level 10 in Stealth
   224 | D        | Reached skill level 13 in Unarmed Combat
   371 | D        | Found Qenuef's Armour Emporium.
   393 | D        | Found Gessat's Gadget Boutique.
   422 | D        | Noticed a centaur warrior
   422 | D        | Noticed a centaur warrior
   425 | D        | Killed a centaur warrior
   425 | D        | Acquired Dithmenos's second power
   425 | D        | Reached skill level 10 in Fighting
   425 | D        | Reached skill level 14 in Unarmed Combat
   425 | D        | Reached XP level 9. HP: 44/46 MP: 10/10
   426 | D        | Killed a centaur warrior
   437 | D        | Noticed a wasp
   442 | D        | Killed a wasp
   442 | D        | Reached skill level 15 in Unarmed Combat
   457 | D        | Noticed an oklob plant
   459 | D        | Killed an oklob plant
   493 | D        | Noticed a kobold demonologist
   494 | D        | Noticed a kobold demonologist
   497 | D        | Killed a kobold demonologist
   501 | D        | Killed a kobold demonologist
   501 | D        | Acquired Dithmenos's third power
   501 | D        | Reached XP level 10. HP: 52/52 MP: 11/11
   505 | D        | Noticed a demonic crawler
   505 | D        | Noticed a demonic crawler
   505 | D        | Noticed a demonic crawler
   505 | D        | Noticed a demonic crawler
   507 | D        | Killed a demonic crawler
   509 | D        | Killed a demonic crawler
   522 | D        | Killed a demonic crawler
   527 | D        | HP: 2/52 [demonic crawler (9)]
   528 | D        | Killed a demonic crawler
   832 | D        | Noticed a gargoyle
   837 | D        | Killed a gargoyle
   837 | D        | Reached skill level 15 in Stealth
   882 | D        | Noticed a shining eye
   882 | D        | Noticed a shining eye
   882 | D        | Noticed a shining eye
   882 | D        | Noticed a shining eye
   882 | D        | Noticed a shining eye
   882 | D        | Noticed a shining eye
   884 | D        | Noticed a shining eye
   884 | D        | Noticed a shining eye
   886 | D        | Acquired Dithmenos's fourth power
   888 | D        | Killed a shining eye
   890 | D        | Killed a shining eye
   891 | D        | Gained mutation: You are frail (-10% HP). [a shining eye]
   894 | D        | Killed a shining eye
   894 | D        | Reached skill level 16 in Stealth
   894 | D        | Paralysed by a giant eyeball for 4 turns
   902 | D        | Paralysed by a giant eyeball for 4 turns
   903 | D        | Gained mutation: You are dopey. (Int -2) [a shining eye]
   904 | D        | Gained mutation: Your magical capacity is low (-10% MP). [a shining eye]
   905 | D        | Gained mutation: Your spells are a little easier to cast, but a little less powerful. [a shining eye]
   912 | D        | Killed a shining eye
   912 | D        | Reached skill level 15 in Dodging
   915 | D        | Killed a shining eye
   915 | D        | Reached skill level 17 in Stealth
   915 | D        | Paralysed by a giant eyeball for 4 turns
   922 | D        | Killed a shining eye
   928 | D        | Killed a shining eye
   928 | D        | Reached XP level 11. HP: 51/51 MP: 10/10
   932 | D        | Gained mutation: Potions and wands are less effective at restoring your health. [a shining eye]
   933 | D        | Killed a shining eye
   974 | D        | Killed a gargoyle
  1042 | D        | Found Diesuzi's Jewellery Shop.
  1042 | D        | Found Ejaw's Gadget Emporium.
  1042 | D        | Found Bacemed's General Store.
  1043 | D        | Found Pepnefou's General Store.
  1134 | D        | Noticed a lindwurm
  1137 | D        | Killed a lindwurm
  1137 | D        | Reached skill level 18 in Stealth
  1143 | D        | Noticed a hog
  1143 | D        | Noticed a hog
  1143 | D        | Noticed a hog
  1143 | D        | Noticed a hog
  1143 | D        | Noticed a hog
  1144 | D        | Noticed a hog
  1144 | D        | Noticed a hog
  1145 | D        | Noticed a hog
  1145 | D        | Killed a hog
  1146 | D        | Killed a hog
  1147 | D        | Noticed a hog
  1147 | D        | Noticed a hog
  1147 | D        | Noticed a hog
  1147 | D        | Noticed a hog
  1147 | D        | Noticed a hog
  1152 | D        | Killed a hog
  1156 | D        | Killed a hog
  1164 | D        | Killed a hog
  1174 | D        | Killed a hog
  1180 | D        | Killed a hog
  1184 | D        | Killed a hog
  1188 | D        | Killed a hog
  1214 | D        | Killed a hog
  1453 | D        | Killed a hog
  1454 | D        | Killed a hog
  1457 | D        | Killed a hog
  1457 | D        | Reached skill level 19 in Stealth
  1471 | D        | Noticed a daeva
  1476 | D        | Noticed an unseen horror
  1476 | D        | Noticed an unseen horror
  1476 | D        | Noticed an unseen horror
  1477 | D        | Noticed an unseen horror
  1481 | D        | Killed an unseen horror
  1482 | D        | Noticed an unseen horror
  1483 | D        | Killed an unseen horror
  1485 | D        | Killed an unseen horror
  1487 | D        | Killed an unseen horror
  1489 | D        | Killed an unseen horror
  1505 | D        | HP: 1/52 [daeva/divine providence (15)]
  1507 | D        | Killed from afar by a daeva
  1508 | D        | Reached XP level 10. HP: -10/49 MP: 10/10
  1508 | D        | Noticed a shadow dragon
  1509 | D        | Noticed a golden dragon
  1514 | D        | Killed a shadow dragon
  1514 | D        | Reached skill level 20 in Stealth
  1514 | D        | Reached XP level 11. HP: 52/52 MP: 10/10
  1516 | D        | Killed a golden dragon
  1516 | D        | Reached skill level 21 in Stealth
  1591 | D        | Found Osemn's Magic Scroll Shoppe.
  1609 | D        | Bought a scroll of magic mapping for 35 gold pieces
  1609 | D        | Bought a scroll of identify for 20 gold pieces
  1609 | D        | Bought a scroll of identify for 20 gold pieces
  1648 | D        | Engulfed by a cloud of steam
  1649 | D        | Reached XP level 10. HP: 0/49 MP: 10/10
  1659 | D        | Identified the Papyrus of Changing
  1756 | D        | Engulfed by a cloud of freezing vapour

Vault maps used:
D:        dungeon_sprint_1

Action                   |  1- 3 |  4- 6 |  7- 9 | 10-12 || total
-------------------------+-------+-------+-------+-------++-------
Melee: Unarmed           |     6 |     5 |    18 |    85 ||   114
  Use: Scroll            |       |       |     1 |     2 ||     3
       Potion            |       |       |       |     3 ||     3
 Stab: Sleeping          |     1 |     4 |     7 |    24 ||    36
  Eat: Chunk             |       |       |     4 |     2 ||     6
